 Dungeon Crawl Stone Soup version 0.32-a0-17-gb74e046682 (webtiles) character file.

Game seed: 17703999340287239325

106 Xavori the Trooper (level 5, -10/32 HPs)
             Began as a Djinni Chaos Knight on Jan 16, 2024.
             Was a Plaything of Xom.
             Mangled by a gnoll
             ... wielding a +1 whip of electrocution
              (20 damage)
             ... on level 2 of the Dungeon.
             The game lasted 00:02:11 (10454 turns).

Xavori the Trooper (Djinni Chaos Knight)           Turns: 10454, Time: 00:02:11

Health: -10/32     AC:  6    Str: 10 (11) XL:     5   Next: 10%
Gold:   46         EV: 12    Int: 22      God:    Xom [*.....] SH:  0 Dex: 14

rFire   + + +        o - +7 dagger of the Shining Light {venom, Str+2 Dex+2}
rCold   x . .        (no shield)
rNeg    . . .        b - +2 leather armour
rPois   ∞            (no helmet)
rElec   .            m - +0 cloak
rCorr   .            (no gloves)
SInv    .            (boots unavailable)
Will    .....        (no amulet)
Stlth   +            (no ring)
HPRegen 0.25/turn    (no ring)
MPRegen 0.00/turn

%: infuse magic (-11 HP)
@: flying
A: sickness immunity, fire resistance 3, cold vulnerability 1, float, innate
caster, HP casting, extra vitality 1, clever 2, frail 2, no potion heal 1, noise
suppression
a: Renounce Religion


You were on level 2 of the Dungeon.
You worshipped Xom.
You were a special plaything of Xom.
You visited 1 branch of the dungeon, and saw 3 of its levels.

You collected 116 gold pieces.
You spent 70 gold pieces at shops.

Inventory:

Hand Weapons
 a - a +0 falchion of chaos
 o - the +7 dagger of the Shining Light (weapon) {venom, Str+2 Dex+2}
   (You found it on level 2 of the Dungeon)

   Str+2:     It affects your strength (+2).
   Dex+2:     It affects your dexterity (+2).
Armour
 b - a +2 leather armour (worn)
 m - a +0 cloak (worn)
Wands
 j - a wand of paralysis (11)
 l - a wand of mindburst (10)
Scrolls
 c - a scroll of butterflies
 d - a scroll of noise {unknown}
 e - a scroll of vulnerability {unknown}
 g - a scroll of acquirement {unknown}
 h - 2 scrolls of poison {unknown}
 i - a scroll of blinking {unknown}
Potions
 f - a potion of resistance {unknown}
 k - a potion of might {unknown}
 n - a potion of heal wounds


   Skills:
 + Level 3.4 Fighting
 + Level 3.1 Long Blades
 + Level 1.9 Armour
 + Level 2.9 Dodging
 * Level 1.7 Spellcasting
 * Level 1.7 Conjurations
 * Level 1.7 Hexes
   Level 0.0 Charms
 * Level 1.7 Summonings
 * Level 1.7 Necromancy
 * Level 1.7 Translocations
   Level 0.0 Transmutations
 * Level 1.7 Fire Magic
 * Level 1.7 Ice Magic
 * Level 1.7 Air Magic
 * Level 1.7 Earth Magic
 * Level 1.7 Alchemy


You knew the following spells:

 Your Spells              Type           Power      Damage    Failure   Level
a - Sting                 Conj/Alch      36%        1d5       10%         1
b - Scorch                Fire           18%        2d5       14%         2
Your spell library was empty.

Dungeon Overview and Level Annotations

Branches:
Dungeon (3/15)

Altars:
Xom

Shops:
D:2 !


Innate Abilities, Weirdness & Mutations

You are immune to sickness and miasma.
You are immune to poison.
Your flesh is almost immune to the effects of heat. (rF+++)
You are vulnerable to cold. (rC-)
You float through the air rather than walking.
You learn spells naturally, not from books.
Your magical power is your life essence.
You have superior vitality. (+4 MHP)
Your mind is very acute. (Int +8, Str/Dex -2)
You are very frail. (-20% HP)
Potions are less effective at restoring your health.
You passively dampen the noise of your surroundings.


Message History

Spell assigned to 'b'.
Unknown command.
Key pressed, stopping explore.
No target in view!
Found a leather armour.
No target in view!
A gnoll comes into view. It is wielding a +0 whip.
The gnoll shouts!
A gnoll comes into view. It is wielding a +0 halberd.
A gnoll comes into view. It is wielding a +0 spear.
The gnoll shouts!
There are monsters nearby!
A gnoll and a kobold come into view.
The gnoll is wielding a +1 whip of electrocution.
The kobold shouts!
There are monsters nearby!
The gnoll shouts! x2
The gnoll hits you with a +0 whip.
Unknown command.
You hit the gnoll but do no damage.
The gnoll is poisoned.
The gnoll barely misses you. The gnoll hits you but does no damage.
You barely miss the gnoll.
The gnoll is lightly wounded.
The gnoll hits you with a +0 whip.
You puncture the gnoll! You punch the gnoll.
The gnoll is almost dead.
The kobold hits you with a +0 short sword.
The gnoll hits you with a +0 whip.
You closely miss the gnoll.
The gnoll is almost dead.
You kill the gnoll!
The gnoll hits you from afar with a +0 halberd!
* * * LOW HITPOINT WARNING * * *
The gnoll misses you. The kobold hits you but does no damage.
Unknown command.
The gnoll attacks as it pursues you! The gnoll hits you but does no damage.
You are electrocuted!!
Ouch! That really hurt!
You die...
Xom titters!

........#..#.##.#
###.....#..#.##.#
##.......#.##.#########
##.(..#.#.##.#........
###..#.#.............
#..#.####.#........
#..#.# #.#.)g.....
#..#.# #.#g.g.....
#..#.# #[@K.......
###..#.####.#........
#...........#........
#....#####.##........
#..#.......###.#.####
#..#######.# .#.# #..#
#.# .#.# #..## #.# ..
#..#. ...


You could see 3 gnolls and a kobold.

Vanquished Creatures
  A bombardier beetle (D:1)
  2 adders (D:2)
  A gnoll (D:2)
  2 dart slugs (D:1)
  5 endoplasms
  A giant cockroach (D:2)
  2 goblins (D:1)
  4 hobgoblins (D:1)
  A jackal (D:1)
  3 quokkas
  3 ball pythons
  6 bats
  3 frilled lizards
  4 kobolds (D:1)
  7 rats
45 creatures vanquished.

Vanquished Creatures (collateral kills)
  A jackal (D:1)
  A frilled lizard (D:1)
2 creatures vanquished.

Grand Total: 47 creatures vanquished

Notes
Turn   | Place    | Note
-------+----------+-------------------------------------------
     0 | D:1      | Xavori the Djinni Chaos Knight began the quest for the Orb.
     0 | D:1      | Reached XP level 1. HP: 20/20 MP: 0/0
    76 | D:1      | Reached XP level 2. HP: 25/25 MP: 0/0
   145 | D:1      | a kobold changed into a bombardier beetle
   145 | D:1      | Noticed a bombardier beetle
   152 | D:1      | Killed a bombardier beetle
   153 | D:1      | Reached skill level 1 in Spellcasting
   153 | D:1      | Reached skill level 1 in Conjurations
   153 | D:1      | Reached skill level 1 in Hexes
   153 | D:1      | Reached skill level 1 in Summonings
   153 | D:1      | Reached skill level 1 in Necromancy
   153 | D:1      | Reached skill level 1 in Translocations
   153 | D:1      | Reached skill level 1 in Fire Magic
   153 | D:1      | Reached skill level 1 in Ice Magic
   153 | D:1      | Reached skill level 1 in Air Magic
   153 | D:1      | Reached skill level 1 in Earth Magic
   153 | D:1      | Reached skill level 1 in Alchemy
   153 | D:1      | Reached XP level 3. HP: 28/30 MP: 0/0
   153 | D:1      | Learned a level 1 spell: Sting
   175 | D:1      | XOM: noise
   230 | D:1      | Reached XP level 4. HP: 34/35 MP: 0/0
  1008 | D:1      | XOM: noise
  1331 | D:1      | XOM: silly message
  1576 | D:1      | XOM: silly message
  2282 | D:1      | XOM is BORED!
  2461 | D:1      | XOM: noise
  2664 | D:1      | XOM is BORED!
  3050 | D:1      | XOM: cloud trail
  3737 | D:1      | XOM: summons 4 hostile shadow creatures
  3985 | D:2      | XOM: give mutations
  3985 | D:2      | Gained mutation: Your mind is acute. (Int +4, Str/Dex -1)
                  | [Xom's mischief]
  3985 | D:2      | Gained mutation: Your flesh is almost immune to the effects
                  | of heat. (rF+++) [Xom's mischief]
  3985 | D:2      | Gained mutation: You are frail. (-10% HP) [Xom's mischief]
  4020 | D:1      | XOM: noise
  5466 | D:1      | XOM: scenery: summon butterflies
  5633 | D:1      | XOM: scenery: summon butterflies
  5816 | D:1      | XOM: 2-stop teleportation journey
  5865 | D:1      | XOM: silly message
  5867 | D:1      | XOM: 8-stop teleportation journey
  5902 | D:1      | XOM: god gift: 2 silver javelins
  6190 | D:1      | XOM: give mutation
  6190 | D:1      | Gained mutation: Your mind is very acute. (Int +8, Str/Dex
                  | -2) [Xom's grace]
  6757 | D:1      | XOM is BORED!
  6757 | D:1      | XOM: summons 3 hostile shadow creatures
  6998 | D:2      | XOM: scenery: summon butterflies
  7322 | D:1      | XOM: summons 1 hostile demon
  7385 | D:2      | XOM: cloud trail
  7881 | D:1      | XOM: cloud trail
  8053 | D:1      | XOM: scenery: create altars
  8351 | D:1      | XOM: give mutation
  8351 | D:1      | Gained mutation: Your spells are a little easier to cast,
                  | but a little less powerful. [Xom's mischief]
  8445 | D:1      | XOM: give mutations
  8445 | D:1      | Lost mutation: Your spells are a little easier to cast, but
                  | a little less powerful. [Xom's mischief]
  8445 | D:1      | Gained mutation: You passively dampen the noise of your
                  | surroundings. [Xom's mischief]
  8445 | D:1      | Gained mutation: You are very frail. (-20% HP) [Xom's
                  | mischief]
  9175 | D:1      | XOM: give mutation
  9175 | D:1      | Gained mutation: Potions are less effective at restoring
                  | your health. [Xom's mischief]
  9583 | D:1      | XOM: stat loss: -1 Str (8/9)
  9702 | D:1      | XOM: summons 1 hostile demon
  9746 | D:2      | XOM: stat loss: -1 Str (7/9)
 10026 | D:2      | XOM: summons 1 hostile demon
 10162 | D:2      | XOM: 1-stop teleportation journey
 10229 | D:2      | Found Qippir's Distillery.
 10237 | D:2      | Bought a potion of heal wounds for 70 gold pieces
 10241 | D:2      | Identified the +7 dagger of the Shining Light {venom, Str+2
                  | Dex+2}
 10432 | D:2      | Reached XP level 5. HP: 32/32 MP: 0/0
 10432 | D:2      | Learned a level 2 spell: Scorch
 10454 | D:2      | Mangled by a gnoll

Illustrated notes

Levels and vault maps discovered:
D:1:      minmay_arrival_open_corners, layout_loops_ring
D:2:      layout_loops_ring, basic_altar, serial_shops, shop
D:3:      layout_rooms, grunt_qazlal_clouds, lemuel_tele_altar,
          mainiacjoe_overflow_big_doors

Skill      XL: |  1  2  3 |
---------------+----------+-----
Spellcasting   | 1 |  1.7
Conjurations   | 1 |  1.7
Hexes          | 1 |  1.7
Summonings     | 1 |  1.7
Necromancy     | 1 |  1.7
Translocations | 1 |  1.7
Fire Magic     | 1 |  1.7
Ice Magic      | 1 |  1.7
Air Magic      | 1 |  1.7
Earth Magic    | 1 |  1.7
Alchemy        | 1 |  1.7
Long Blades    | 3 |  3.1
Fighting       | |  3.4
Armour         | |  1.9
Dodging        | |  2.9

Action                     |  1- 3 |  4- 6 || total
---------------------------+-------+-------++-------
  Melee: Falchion          |    66 |    76 ||   142
         Dagger            |       |    10 ||    10
         Punch             |       |     3 ||     3
   Stab: Distracted        |     1 |       ||     1
         Confused          |     2 |       ||     2
 Armour: Leather armour    |    51 |    58 ||   109
  Dodge: Dodged            |    74 |    60 ||   134

Table legend: (Time is in decaauts)
 A = Elapsed time spent in this place.
 B = Non-inter-level travel time spent in this place.
 C = Inter-level travel time spent in this place.
 D = Time resting spent in this place.
 E = Time spent auto-exploring this place.
 F = Levels seen in this place.
 G = Mean time per level.
                   A        B        C        D        E       F      G
               +--------+--------+--------+--------+--------+-----+--------+
         Total |  10481 |  10349 |    132 |   9126 |    835 |   3 | 3493.7 |
       Dungeon |  10481 |  10349 |    132 |   9126 |    835 |   3 | 3493.7 |
               +--------+--------+--------+--------+--------+-----+--------+

Top non-repeatable levels by time:
     D:1: 9062 daAuts
     D:2: 1417 daAuts
     D:3: 1 daAuts
